 Dungeon Crawl Stone Soup version 0.20-a0-495-g2241292 (webtiles) character file.

17746 Amnesiac the Nimble (level 12, -12/92 HPs)
             Began as a Mummy Enchanter on Jan 18, 2017.
             Was an Initiate of Gozag.
             Mangled by an orc warrior
             ... wielding a +0 dire flail
              (14 damage)
             ... on level 12 of the Dungeon.
             The game lasted 00:48:44 (20422 turns).

Amnesiac the Nimble (Mummy Enchanter)              Turns: 20422, Time: 00:48:44

Health: -12/92     AC: 15    Str: 13    XL:     12   Next: 21%
Magic:  22/24      EV: 18    Int: 18    God:    Gozag
Gold:   2138       SH:  0    Dex: 12    Spells: 16/27 levels left

rFire    . . .     SeeInvis .   D - +1 dagger (venom)
rCold    + + .     Gourm    .   g - +2 robe {rC+ rF+}
rNeg     + + +     Faith    .   (no shield)
rPois    ∞         Spirit   .   m - +1 helmet
rElec    .         Reflect  .   v - +2 cloak
rCorr    .         Harm     .   b - +0 pair of gloves
MR       +....                  K - +0 pair of boots
Stlth    ++++......             (no amulet)
Regen    0.3/turn               w - +2 ring of evasion
                                t - +4 ring of protection

@: gold aura
A: no food or potions, fire vulnerability, cold resistance 1, negative energy
resistance 3, torment resistance, unbreathing
a: Potion Petition, Call Merchant, Bribe Branch, Renounce Religion


You were on level 12 of the Dungeon.
You worshipped Gozag.
Gozag was most pleased with you.
You were not hungry.

You visited 2 branches of the dungeon, and saw 13 of its levels.
You also visited: Sewer.

You collected 2498 gold pieces.
You spent 231 gold pieces at shops.
You paid 129 gold pieces to Gozag.

Inventory:

Hand Weapons
 x - a +2 dagger of protection
 D - a +1 dagger of venom (weapon)
 I - a +4 dagger of freezing
 O - a +0 falchion of flaming
Armour
 b - a +0 pair of gloves (worn)
 g - a +2 robe of resistance (worn)
 m - a +1 helmet (worn)
 v - a +2 cloak (worn)
 K - a +0 pair of boots (worn)
Jewellery
 t - a +4 ring of protection (left hand)
 w - a +2 ring of evasion (right hand)
 J - an uncursed ring of see invisible
Wands
 h - a wand of paralysis (9/24)
 r - a wand of flame (32/48)
 s - a wand of clouds (2/9)
 y - a wand of iceblast (5/15)
 A - a wand of disintegration (9/24)
 G - a wand of lightning (10/15)
 H - a wand of confusion (32/48)
 N - a wand of disintegration (17/24)
Scrolls
 a - 4 scrolls of enchant armour
 d - 15 scrolls of identify
 e - 2 scrolls of immolation
 f - a scroll of amnesia
 i - 4 scrolls of blinking {unknown}
 j - 8 scrolls of teleportation {unknown}
 k - 3 scrolls of fog
 l - 7 scrolls of remove curse
 n - 2 scrolls of enchant weapon {unknown}
 o - 2 scrolls of torment {unknown}
 p - 3 scrolls of magic mapping {unknown}
 q - a scroll of fear
 u - 2 scrolls of recharging {unknown}
 B - a scroll of noise {unknown}
 E - a scroll of brand weapon {unknown}
Books
 c - a book of Maledictions

   Spells                             Type                      Level
   a - Corona                         Hexes                        1
   b - Ensorcelled Hibernation        Hexes/Ice                    2
   c - Confuse                        Hexes                        3
   d - Tukima's Dance                 Hexes                        3
   e - Dazzling Spray                 Conjuration/Hexes            3
 z - a book of Necromancy

   Spells                             Type                      Level
   a - Pain                           Necromancy                   1
   b - Animate Skeleton               Necromancy                   1
   c - Vampiric Draining              Necromancy                   3
   d - Regeneration                   Charms/Necromancy            3
   e - Animate Dead                   Necromancy                   4
   f - Control Undead                 Necromancy                   4
 C - a book of Changes

   Spells                             Type                      Level
   a - Beastly Appendage              Transmutation                1
   b - Sticks to Snakes               Transmutation                2
   c - Spider Form                    Transmutation/Poison         3
   d - Ice Form                       Ice/Transmutation            4
   e - Blade Hands                    Transmutation                5
 F - a Grand Grimoire

   Spells                             Type                      Level
   a - Monstrous Menagerie            Summoning                    7
   b - Summon Greater Demon           Summoning                    7
   c - Malign Gateway                 Summoning/Translocation      7
   d - Summon Horrible Things         Summoning                    8
Miscellaneous
 M - a box of beasts


   Skills:
 - Level 8.0 Fighting
 - Level 8.0 Short Blades
 - Level 8.0 Dodging
 + Level 8.0 Stealth
 - Level 8.0 Spellcasting
 - Level 8.0 Hexes


You had 16 spell levels left.
You knew the following spells:

 Your Spells              Type           Power        Failure   Level  Hunger
a - Dazzling Spray        Conj/Hex       ###...       6%          3    N/A
e - Confuse               Hex            #####...     1%          3    N/A
w - Tukima's Dance        Hex            #####...     1%          3    N/A
z - Ensorcelled Hibernat  Hex/Ice        ###...       2%          2    N/A

Dungeon Overview and Level Annotations

Branches:
Dungeon (12/15)            Temple (1/1) D:7            Lair (0/6) D:8
    Orc: D:9-12

Altars:
Ashenzari
Cheibriados
Dithmenos
Elyvilon
Fedhas
Gozag
Hepliaklqana
Kikubaaqudgha
Makhleb
Nemelex Xobeh
Okawaru
Qazlal
Ru
Sif Muna
Trog
Uskayaw
Vehumet
Xom
Yredelemnul
Zin
The Shining One

Shops:
D:4 (   D:7 *   D:8 *   D:11 %

Annotations:
D:10 1 runed door


Innate Abilities, Weirdness & Mutations

You do not eat or drink.
Your flesh is vulnerable to fire.
You are immune to poison.
Your flesh is cold resistant. (rC+)
You are immune to negative energy. (rN+++)
You are immune to unholy pain and torment.
You can survive without breathing.


Message History

The orc completely misses you. The orc closely misses you.
The orc warrior hits you with a dire flail.
* * * LOW HITPOINT WARNING * * *
The orc misses you. The orc hits you but does no damage.
You kill the orc!
The orc priest hits you but does no damage.
The orc is distracted by the nearby gold.
The orc closely misses you.
The orc warrior hits you with a dire flail!
* * * LOW HITPOINT WARNING * * *
The orc misses you. x2
The orc shouts!
The orc warrior shouts!
The orc priest calls down the wrath of Beogh upon you.
Beogh smites you!
* * * LOW HITPOINT WARNING * * *
The orc closely misses you. The orc completely misses you. The orc misses you.
The orc warrior hits you with a dire flail!
You die...
Your body crumbles into a pile of gold.

+..<.....#######.....#
####........##....'.....#
........................#
≈≈≈≈≈≈≈≈≈≈≈≈≈≈≈≈≈≈8.###'##
≈≈≈≈≈≈≈≈≈≈≈≈≈≈≈≈≈8≈.###.#
###############'.≈≈.....#
............#.≈≈..##..#
...o..o.o...##≈≈.## #
..8$..o@o........#
......ooo...##≈≈.#
...[...O....#.≈≈.....
############'.≈≈......
≈≈≈≈8≈.......
≈≈≈≈≈≈8.......
.........####'# .....#####
.#


You could see 2 orc warriors, an ogre, an orc priest and 5 orcs.

Vanquished Creatures
  A hydra (D:11)
  3 two-headed ogres (D:9)
  Pikel (D:6)
  A cyclops (D:11)
  3 trolls
  Prince Ribbit (D:5)
  3 hippogriffs
  2 dream sheep (D:11)
  A vampire (D:9)
  Sigmund (D:3)
  2 shadows (D:9)
  4 flying skulls (D:9)
  3 wraiths (D:9)
  4 wyverns
  7 yaks
  3 hungry ghosts
  3 acid dragons
  3 dancing weapons
  Duvessa (D:4)
  3 slaves (D:7)
  8 orc warriors
  2 black bears
  3 sky beasts
  3 phantoms
  5 ice beasts
  5 ogres
  4 crocodiles
  3 centaurs
  8 big kobolds
  6 bullfrogs
  A wyvern zombie (D:9)
  Dowan (D:4)
  A water moccasin zombie (D:9)
  3 scorpions
  2 wyvern skeletons
  8 killer bees
  A water moccasin skeleton (D:9)
  14 wights
  2 electric eels (D:12)
  5 howler monkeys
  5 crimson imps
  7 bullfrog zombies
  2 centaur zombies
  3 jellies
  A gnoll shaman (D:9)
  3 bullfrog skeletons
  6 orc priests
  3 centaur skeletons (D:9)
  5 hounds
  13 orc wizards
  4 iguanas
  11 worker ants
  A hound zombie (D:9)
  A hound skeleton (D:9)
  A howler monkey zombie (D:10)
  8 gnolls
  A howler monkey skeleton (D:9)
  14 adders
  7 river rats (Sewer)
  A shadow imp (D:7)
  An ooze (D:2)
  An adder zombie (D:9)
  6 adder skeletons
  3 worms
  3 dart slugs
  5 leopard geckos
  48 orcs
  8 ball pythons
  8 giant cockroaches
  6 hobgoblins
  5 jackals
  5 quokkas
  9 bats
  4 frilled lizards
  5 goblins
  A jackal skeleton (D:4)
  26 kobolds
  A quokka skeleton (D:7)
  A quokka zombie (D:8)
  23 rats
401 creatures vanquished.

Vanquished Creatures (collateral kills)
  3 two-headed ogres
  Edmund (D:5)
  2 orcs (D:9)
6 creatures vanquished.

Vanquished Creatures (others)
  6 dancing weapons
  3 orcs (D:7)
  2 kobolds (D:9)
11 creatures vanquished.

Grand Total: 418 creatures vanquished

Notes
Turn   | Place    | Note
-------+----------+-------------------------------------------
     0 | D:1      | Amnesiac the Mummy Enchanter began the quest for the Orb.
     0 | D:1      | Reached XP level 1. HP: 13/13 MP: 4/4
    12 | D:1      | Reached skill level 1 in Short Blades
   357 | D:1      | Reached XP level 2. HP: 19/19 MP: 6/6
   361 | D:1      | Learned a level 2 spell: Ensorcelled Hibernation
   801 | D:3      | Reached XP level 3. HP: 23/24 MP: 3/7
   806 | D:3      | Learned a level 3 spell: Confuse
  1079 | D:3      | HP: 1/24 [orc/dagger (7)]
  1490 | D:4      | Found a glowing drain.
  1511 | Sewer    | Entered a sewer
  1651 | Sewer    | Noticed a big kobold
  1651 | Sewer    | Noticed a big kobold
  1663 | Sewer    | Killed a big kobold
  1663 | Sewer    | Reached skill level 5 in Spellcasting
  1663 | Sewer    | Reached XP level 4. HP: 30/30 MP: 0/11
  1952 | Sewer    | Killed a big kobold
  1952 | Sewer    | Reached XP level 5. HP: 35/35 MP: 8/12
  3219 | Sewer    | Reached XP level 6. HP: 23/41 MP: 13/13
  3762 | D:4      | Noticed Duvessa
  3762 | D:4      | Noticed Dowan
  3881 | D:4      | Killed Duvessa
  4045 | D:4      | Killed Dowan
  4045 | D:4      | Reached XP level 7. HP: 34/46 MP: 4/14
  4177 | D:4      | Learned a level 3 spell: Tukima's Dance
  4181 | D:4      | Learned a level 3 spell: Dazzling Spray
  4268 | D:4      | Found Zemmip's Weapon Shop.
  4402 | D:4      | Reached skill level 5 in Hexes
  5498 | D:4      | Reached skill level 5 in Stealth
  5569 | D:4      | Reached XP level 8. HP: 52/52 MP: 10/17
  5634 | D:5      | Entered Level 5 of the Dungeon
  5669 | D:5      | Noticed Edmund
  5687 | D:5      | Killed Edmund
  5827 | D:5      | Noticed Prince Ribbit
  5847 | D:5      | Killed Prince Ribbit
  6565 | D:5      | Reached skill level 5 in Dodging
  6790 | D:6      | Found a shimmering altar of Xom.
  7221 | D:6      | Found a shimmering altar of Xom.
  7223 | D:6      | Reached skill level 1 in Fighting
  7223 | D:6      | Reached XP level 9. HP: 61/61 MP: 14/18
  7599 | D:7      | Found a glowing golden altar of the Shining One.
  7647 | D:7      | Reached skill level 5 in Fighting
  8413 | D:7      | Found Ciamiy Yquat's Island Escapes.
  8484 | D:7      | Noticed Pikel
  8515 | D:6      | Killed Pikel
  8903 | D:7      | Found a staircase to the Ecumenical Temple.
  8915 | Temple   | Entered the Ecumenical Temple
  9049 | Temple   | Became a worshipper of Gozag Ym Sagoz the Greedy
 10063 | D:2      | Reached XP level 10. HP: 74/74 MP: 17/19
 10643 | D:3      | Noticed Sigmund
 10659 | D:3      | Killed Sigmund
 12025 | D:8      | Found a staircase to the Lair.
 12433 | D:8      | Found Vaukor's Assorted Antiques.
 12440 | D:8      | Bought a scroll labeled HAONAEGH BIGOS for 30 gold pieces
 12440 | D:8      | Bought a scroll labeled ANKUUG TOISSA for 30 gold pieces
 12440 | D:8      | Bought a sheer robe for 171 gold pieces
 12450 | D:8      | Identified the +2 robe of the Five Planets {Str+2} (You bought it in a shop on level 8 of the Dungeon)
 13292 | D:9      | Noticed a two-headed ogre
 13316 | D:9      | Killed a two-headed ogre
 13316 | D:9      | Reached skill level 5 in Short Blades
 13675 | D:9      | Noticed a two-headed ogre
 13776 | D:9      | Got a transparent trident {holy}
 13896 | D:9      | Killed a two-headed ogre
 14325 | D:9      | Reached XP level 11. HP: 72/86 MP: 13/20
 15215 | D:9      | Noticed a two-headed ogre
 15222 | D:9      | Noticed a skeletal warrior
 15233 | D:9      | Killed a two-headed ogre
 15246 | D:10     | Entered Level 10 of the Dungeon
 15724 | D:10     | Found a runed door.
 15724 | D:10     | Noticed a frost giant
 15724 | D:10     | Noticed a yaktaur captain
 15724 | D:10     | Noticed a fire dragon
 15726 | D:10     | Noticed a wolf spider
 15726 | D:10     | Noticed an orc knight
 15726 | D:10     | Noticed a sea snake
 15726 | D:10     | Noticed a flayed ghost
 15726 | D:10     | Noticed a glowing orange brain
 16512 | D:9      | Noticed a skeletal warrior
 17128 | D:8      | Noticed a two-headed ogre
 17146 | D:9      | Killed a two-headed ogre
 17685 | D:9      | Found a white marble altar of Elyvilon.
 17808 | D:9      | Found a radiant altar of Vehumet.
 17808 | D:9      | Found a stormy altar of Qazlal.
 17811 | D:9      | Found a blossoming altar of Fedhas.
 18664 | D:10     | Noticed a two-headed ogre
 18707 | D:10     | Killed a two-headed ogre
 19116 | D:11     | Got a faintly glowing falchion
 19117 | D:11     | Identified the +9 falchion "Abihaum" {drain, MR+ Dex+2} (You found it on level 11 of the Dungeon)
 19219 | D:11     | Found Axitziaf's Food Shoppe.
 19295 | D:11     | Noticed a two-headed ogre
 19319 | D:11     | Killed a two-headed ogre
 19519 | D:11     | Reached XP level 12. HP: 80/92 MP: 10/24
 19811 | D:11     | Noticed a three-headed hydra
 19815 | D:11     | Killed a one-headed hydra
 20422 | D:12     | HP: 2/92 [orc priest/divine providence (12)]
 20422 | D:12     | Mangled by an orc warrior

Vault maps used:
D:1:      lightli_arrival_statuegarden
D:2:      due_unseen_surprise
D:3:      minmay_misc_feat_room, uniq_sigmund
D:4:      portal_sewer_entry_b, serial_shops, shop_fountains, first_bread,
          uniq_duvessa
D:5:      st_stairs_9, uniq_prince_ribbit1, uniq_edmund
D:6:      xom_redecorated
D:7:      minmay_blocky_corners, tso_metal_star, nicolae_island_escapes,
          uniq_pikel
D:8:      erik_lair_dragon, serial_shops, shop
D:9:      hangedman_screamer, grunt_temple_overflow_open
D:10:     minmay_gate_of_8
D:11:     serial_shops, shop, hangedman_ranch
D:12:     erik_orc_2, enter_trove_3, grunt_ministairs_1, minivault_8,
          uniq_maurice
Temple:   nicolae_temple_elliptical
Sewer:    sewer_minmay_treatment

Skill      XL: |  1  2  3  4  5  6  7  8  9 10 11 12 |
---------------+-------------------------------------+-----
Short Blades   | 1 2 3 6 8 |  8.0
Spellcasting   | 3 5 6 8 |  8.0
Hexes          | 3 4 6 8 |  8.0
Stealth        | 4 5 6 8 |  8.0
Dodging        | 5 8 |  8.0
Fighting       | 1 5 8 |  8.0

Action                   |  1- 3 |  4- 6 |  7- 9 | 10-12 || total
-------------------------+-------+-------+-------+-------++-------
Melee: Dagger            |    70 |   209 |   428 |   920 ||  1627
       Falchion          |       |       |       |     3 ||     3
 Cast: Corona            |     5 |       |       |       ||     5
       Ensorcelled Hiber |    22 |    23 |   109 |   147 ||   301
       Confuse           |     2 |    13 |    50 |   175 ||   240
       Tukima's Dance    |       |       |     3 |    36 ||    39
       Dazzling Spray    |       |       |     4 |     2 ||     6
Invok: Potion Petition   |       |       |       |     1 ||     1
Evoke: Wand              |       |       |       |     2 ||     2
  Use: Scroll            |       |     6 |     1 |       ||     7
 Stab: Sleeping          |    11 |    15 |    68 |    80 ||   174
       Confused          |       |     3 |    35 |    75 ||   113
       Distracted        |       |     1 |     1 |     6 ||     8
Armor: Robe              |    13 |    49 |    84 |   201 ||   347
Dodge: Dodged            |    44 |   153 |   242 |   708 ||  1147
       Rpst.: Falchion   |       |       |       |     2 ||     2
